 Dungeon Crawl Stone Soup version 0.19.5 (webtiles) character file.

4218 Reinor the Cruncher (level 10, -1/86 HPs)
             Began as a Hill Orc Gladiator on Mar 19, 2017.
             Was a High Priest of Beogh.
             Slain by a troll (7 damage)
             ... on level 9 of the Dungeon.
             The game lasted 00:37:38 (9051 turns).

Reinor the Cruncher (Hill Orc Gladiator)            Turns: 9051, Time: 00:37:39

Health: -1/86      AC: 16    Str: 19    XL:     10   Next: 30%
Magic:  0/10       EV: 14    Int: 12    God:    Beogh [*****.]
Gold:   342        SH:  0    Dex: 14    Spells: 1 memorised, 5 levels left

rFire  . . .     SeeInvis .     u - +0 quarterstaff (protect)
rCold  + . .     Gourm    .     n - +3 leather armour {rF+}
rNeg   + . .     Faith    .     (shield currently unavailable)
rPois  +         Spirit   +     c - +1 helmet
rElec  .         Reflect  .     (no cloak)
rCorr  .         Harm     .     (no gloves)
MR     .....                    (no boots)
Stlth  +.........               y - amulet "Vytudoc" {Spirit rPois rN+ Int+4}
                                (no ring)
                                a - ring of ice

@: protection aura
A: walk on water
a: Smiting, Recall Orcish Followers, Give Item to Named Follower, Renounce
Religion


You were on level 9 of the Dungeon.
You worshipped Beogh.
Beogh was extremely pleased with you.
You were not hungry.

You visited 1 branch of the dungeon, and saw 9 of its levels.
You also visited: Sewer.

You collected 474 gold pieces.
You spent 132 gold pieces at shops.

Inventory:

Hand Weapons
 u - a +0 quarterstaff of protection (weapon)
Missiles
 d - 3 throwing nets (quivered)
Armour
 c - a +1 helmet (worn)
 n - a +3 leather armour of fire resistance (worn)
Jewellery
 a - a ring of ice (left hand)
 y - the amulet "Vytudoc" (around neck) {Spirit rPois rN+ Int+4}
   (You found it on level 6 of the Dungeon)

   [amulet of guardian spirit]

   It causes incoming damage to be split between your health and magic.
   It affects your intelligence (+4).
   It protects you from poison.
   It protects you from negative energy.
Wands
 p - a wand of random effects (29/48)
 r - a wand of confusion (24/48)
 F - a wand of paralysis (21/24)
Scrolls
 g - 4 scrolls of fog
 h - 3 scrolls of remove curse
 s - 3 scrolls of teleportation
 w - 3 scrolls of fear
 x - a scroll of amnesia
 z - 5 scrolls of blinking
 A - a scroll of magic mapping
Potions
 b - 2 potions of agility
 e - a potion of berserk rage
 j - 3 potions of ambrosia
 k - 5 potions of curing
 l - 2 potions of magic
 o - 3 potions of haste
 t - a potion of mutation {unknown}
 v - a potion of resistance {unknown}
 B - 2 potions of heal wounds
 C - 2 potions of cancellation
 D - a potion of flight {unknown}
 E - a potion of lignification {unknown}
Comestibles
 f - 15 bread rations
 i - 5 meat rations
 m - 2 beef jerkies
 q - 4 fruits
 G - a chunk of flesh


   Skills:
 - Level 7.3 Fighting
 + Level 10.5 Staves
 - Level 1.7 Throwing
 - Level 5.6 Armour
 - Level 5.0 Dodging


You had 5 spell levels left.
You knew the following spells:

 Your Spells              Type           Power        Failure   Level  Hunger
a - Petrify               Tmut/Erth      #.......     100%        4    #####..


Dungeon Overview and Level Annotations

Branches:
Dungeon (9/15)             Temple (0/1) D:4            Lair (0/6) D:9
    Orc: D:9-12

Altars:

Shops:
D:4 *


Message History

The troll is severely wounded.
The troll bites you.
* * * LOW HITPOINT WARNING * * *
The troll closely misses you. The troll barely misses you.
You sock the troll!
The troll is almost dead.
The troll bites you!
* * * LOW HITPOINT WARNING * * *
The troll claws you but does no damage. The troll claws you.
* * * LOW HITPOINT WARNING * * *
You barely miss the troll.
The troll is almost dead.
The troll barely misses you. The troll claws you but does no damage.
The troll barely misses you.
You barely miss the troll.
The troll is almost dead.
The troll barely misses you. The troll claws you!
* * * LOW HITPOINT WARNING * * *
The troll claws you!
You die...

.............###
........o......#
##.....####.##.##
#.....# #.# ..# #....?#
#o# #.#
###########.###(########
........................
#####.##########.###+###
.####.....#@).....#
.........)T.......#
)."...††).........#
...P...P.P...P....#
.♣P..P♣..P........#
.....♣....PP....###
....P♣P..♣....P.# ....
.♣>....P...# ...
....PP.♣....#


You could see a troll.

Vanquished Creatures
  The ghost of tschems the Chopper, a novice HuFi of Okawaru (D:5)
  A spriggan (D:7)
  A wyvern (D:8)
  2 hungry ghosts
  Eustachio (D:4)
  Menkaure (D:3)
  3 porcupines (D:9)
  3 sky beasts
  A black bear (D:6)
  A phantom (D:9)
  2 ogres
  Blork the orc (D:4)
  2 bullfrogs (Sewer)
  A wyvern zombie (D:9)
  3 scorpions
  3 killer bees (D:7)
  2 crimson imps (D:6)
  A centaur zombie (D:5)
  4 howler monkeys
  A bullfrog zombie (D:6)
  A hound (D:5)
  A jelly (D:8)
  2 orc priests
  4 orc wizards
  A centaur skeleton (D:5)
  7 iguanas
  5 worker ants
  18 adders
  9 river rats
  2 shadow imps (D:5)
  2 adder skeletons
  3 worms
  2 dart slugs (D:1)
  8 leopard geckos
  18 orcs
  3 giant cockroaches
  9 goblins
  5 hobgoblins
  13 jackals
  6 kobolds
  4 quokkas
  11 ball pythons
  9 bats
  8 frilled lizards
  A jackal skeleton (D:4)
  A quokka skeleton (D:6)
  31 rats
219 creatures vanquished.

Vanquished Creatures (collateral kills)
  A porcupine (D:9)
  An ice beast (D:8)
  An ogre (D:7)
  A phantom (D:8)
  A crocodile (D:9)
  A bullfrog (D:7)
  A water moccasin skeleton (D:7)
  2 killer bees (D:7)
  A jelly (D:8)
  2 iguanas (D:9)
  A worker ant (D:7)
  2 river rats (D:9)
  3 orcs
18 creatures vanquished.

Vanquished Creatures (others)
  3 orc warriors
  An orc wizard (D:9)
  5 orcs
  2 quokkas (D:3)
  A kobold (D:3)
  A plant (D:9)
13 creatures vanquished.

Grand Total: 250 creatures vanquished

Notes
Turn   | Place    | Note
-------+----------+-------------------------------------------
     0 | D:1      | Reinor the Hill Orc Gladiator began the quest for the Orb.
     0 | D:1      | Reached XP level 1. HP: 18/18 MP: 1/1
    99 | D:1      | Reached skill level 3 in Staves
   110 | D:1      | Reached XP level 2. HP: 19/25 MP: 2/2
   469 | D:1      | Reached XP level 3. HP: 19/30 MP: 3/3
   830 | D:2      | Reached skill level 4 in Staves
  1270 | D:2      | Reached XP level 4. HP: 36/37 MP: 4/4
  2259 | D:3      | Became a worshipper of Beogh the Brigand
  2388 | D:3      | Reached skill level 5 in Staves
  2526 | D:3      | Reached XP level 5. HP: 39/42 MP: 5/5
  2897 | D:4      | Noticed Eustachio
  3209 | D:4      | Noticed an ogre
  3216 | D:4      | Killed an ogre
  3216 | D:4      | Reached skill level 6 in Staves
  3216 | D:4      | Reached XP level 6. HP: 25/50 MP: 6/6
  3234 | D:4      | Noticed Menkaure
  3559 | D:4      | Noticed Blork the orc
  3568 | D:3      | Killed Menkaure
  3687 | D:4      | Reached * piety under Beogh
  3687 | D:4      | Reached skill level 5 in Fighting
  3687 | D:4      | Reached XP level 7. HP: 59/61 MP: 7/7
  3841 | D:4      | Found a staircase to the Ecumenical Temple.
  3875 | D:4      | Found Zihefaa's Assorted Antiques.
  3878 | D:4      | Bought a translucent copper amulet for 110 gold pieces
  3878 | D:4      | Bought a scroll labeled ANGONE VOUSE for 22 gold pieces
  3878 | D:4      | Identified the amulet of the Lily {Harm *Drain rPois MP-9 Str+4 Int+4} (You bought it in a shop on level 4 of the Dungeon)
  4025 | D:4      | Killed Eustachio
  4165 | D:4      | Killed Blork the orc
  4530 | D:5      | Entered Level 5 of the Dungeon
  4536 | D:5      | Learned a level 4 spell: Petrify
  4784 | D:5      | Reached skill level 1 in Armour
  4784 | D:5      | Reached XP level 8. HP: 64/73 MP: 0/8
  4815 | D:5      | Noticed tschems's ghost (novice HuFi)
  4824 | D:5      | Killed tschems's ghost
  5002 | D:5      | Reached ** piety under Beogh
  5390 | D:6      | Reached skill level 5 in Armour
  5590 | D:6      | Got an ancient jade amulet
  5593 | D:6      | Identified the amulet "Vytudoc" {Spirit rPois rN+ Int+4} (You found it on level 6 of the Dungeon)
  5625 | D:6      | Reached skill level 5 in Dodging
  5625 | D:6      | Reached XP level 9. HP: 79/79 MP: 3/9
  5757 | D:6      | Found a glowing drain.
  5761 | Sewer    | Entered a sewer
  5901 | Sewer    | Reached *** piety under Beogh
  7014 | D:6      | Reached skill level 7 in Staves
  7293 | D:7      | Reached **** piety under Beogh
  7459 | D:7      | Reached skill level 8 in Staves
  8202 | D:8      | Reached skill level 9 in Staves
  8563 | D:8      | Reached XP level 10. HP: 86/86 MP: 10/10
  8931 | D:9      | Reached skill level 10 in Staves
  8994 | D:9      | Reached ***** piety under Beogh
  9002 | D:9      | Found a staircase to the Lair.
  9051 | D:9      | Slain by a troll

Skill      XL: |  1  2  3  4  5  6  7  8  9 10 |
---------------+-------------------------------+-----
Staves         | 3 4 5 6 9 10 | 10.5
Fighting       | 5 7 |  7.3
Armour         | 1 5 |  5.6
Dodging        | 5 |  5.0
Throwing       | |  1.7

Action                   |  1- 3 |  4- 6 |  7- 9 | 10-12 || total
-------------------------+-------+-------+-------+-------++-------
Melee: Quarterstaff      |   136 |   193 |   496 |   132 ||   957
Invok: Convert to Beogh  |       |     1 |       |       ||     1
  Use: Scroll            |     4 |     5 |    10 |     1 ||    20
       Potion            |       |     1 |     4 |     2 ||     7
 Stab: Sleeping          |     1 |       |       |       ||     1
  Eat: Chunk             |     1 |     7 |    16 |       ||    24
       Fruit             |       |     1 |     4 |       ||     5
       Bread ration      |       |       |       |     1 ||     1
Armor: Leather armour    |    47 |    51 |   254 |    58 ||   410
Dodge: Dodged            |    90 |   160 |   455 |    99 ||   804
